Devils vs Senators

Created - October-26-12 at 18:15

Goals
1 2 3 T
Devils 0 0 1 1
Senators 1 2 2 5
Shots
1 2 3 T
Devils 4 4 13 21
Senators 11 9 8 28

1st period

1. Senators , Daniel Sedin 4 (Jason Spezza, Claude Giroux) at 11:30

Penalties :
Dion Phaneuf (OTT) for Hooking (Minor) at 4:40, Adrian Aucoin (OTT) for Roughing (Minor) at 14:14, Nikita Nikitin (NJD) for Cross-checking (Minor) at 17:50

2nd period

2. Senators , Daniel Sedin 5 (Claude Giroux) at 8:46
3. Senators , Claude Giroux 5 (Sidney Crosby) at 18:27 (PP)

Penalties :
Roman Hamrlik (NJD) for Hooking (Minor) at 0:15, Claude Giroux (OTT) for Slashing (Minor) at 11:10, Jason Spezza (OTT) for Roughing (Minor) at 14:32, Tim Connolly (NJD) for Slashing (Double Minor) at 17:23

3rd period

4. Senators , Jason Spezza 1 (Claude Giroux, Daniel Sedin) at 10:19
5. Devils , Nikita Nikitin 2 (Lubomir Visnovsky, Artem Anisimov) at 13:11 (PP)
6. Senators , Joni Pitkanen 3 (Sidney Crosby, Jared Cowen) at 16:38

Penalties :
Guillaume Latendresse (OTT) for Hooking (Minor) at 6:42, Claude Giroux (OTT) for High sticking (Minor) at 11:13, Artem Anisimov (NJD) for Roughing (Minor) at 19:18

Goalie Stats

Steve Mason (NJD), 23 saves from 28 shots - (0.821), L, 2-5-0, 60:00 minutes
Craig Anderson (OTT), 20 saves from 21 shots - (0.952), W, 3-1-2, 60:00 minutes

Players Stats for Devils

Player Name              G  A  P  +/- PIM S  H  SB GA TA FO     MP     PP MP  PK MP  
------------------------------------------------------------------------------------
Artem Anisimov           0  1  1   0  2   1  1  0  0  0  1/1    19:22   6:21   0:00 
Brad Stuart              0  0  0  -3  0   2  3  2  0  0  0/0    23:53   6:01   4:32 
James van Riemsdyk       0  0  0  -2  0   3  3  0  0  0  0/1    16:36   5:32   0:00 
Jordan Leopold           0  0  0   0  0   3  0  2  0  0  0/0    23:57   5:39   3:10 
Josh Bailey              0  0  0  -2  0   0  2  0  0  0  0/1    11:04   0:00   0:00 
Lubomir Visnovsky        0  1  1  -3  0   2  1  0  0  0  0/0    20:25   5:47   1:08 
Marcel Goc               0  0  0   0  0   0  0  0  0  0  10/18  12:31   0:00   2:54 
Mark Letestu             0  0  0  -2  0   0  2  0  0  0  4/6    12:14   5:32   0:00 
Matt DAgostini           0  0  0  -2  0   0  0  0  0  0  1/1     9:14   0:00   2:32 
Matthew Lombardi         0  0  0  -2  0   2  0  0  0  0  1/3     9:26   0:00   2:44 
Nikita Nikitin           1  0  1  -1  2   1  0  0  0  0  0/0    18:00   5:52   0:12 
Niklas Hjalmarsson       0  0  0  -1  0   1  0  0  0  0  0/0    15:24   0:27   3:00 
Patrick Eaves            0  0  0   0  0   0  0  0  0  0  0/0    12:12   0:00   2:35 
R.J. Umberger            0  0  0   0  0   0  1  0  0  0  0/1    19:23   6:21   0:00 
Roman Hamrlik            0  0  0   0  2   0  2  0  0  0  0/0    18:19   0:00   3:22 
Saku Koivu               0  0  0   0  0   3  1  0  0  0  13/24  21:27   6:21   2:04 
Tim Connolly             0  0  0  -2  4   1  2  0  0  0  6/20   19:10   5:32   2:35 
Vladimir Sobotka         0  0  0   0  0   2  2  0  0  0  0/0     9:37   0:00   0:00 

Players Stats for Senators

Player Name              G  A  P  +/- PIM S  H  SB GA TA FO     MP     PP MP  PK MP  
------------------------------------------------------------------------------------
Adrian Aucoin            0  0  0   2  2   1  2  1  0  0  0/0    18:59   0:18   5:23 
Anton Stralman           0  0  0   1  0   0  1  2  0  0  0/0    17:47   4:03   1:21 
Claude Giroux            1  3  4   3  4   5  3  0  0  0  0/0    17:13   3:17   0:00 
Daniel Sedin             2  1  3   3  0   3  0  0  0  0  0/1    17:54   3:44   0:12 
Dion Phaneuf             0  0  0   1  2   2  0  2  0  0  0/0    20:46   4:02   4:22 
Guillaume Latendresse    0  0  0   0  2   1  1  0  0  0  0/0    11:07   0:00   0:12 
Jared Cowen              0  1  1   1  0   1  2  1  0  0  0/0    24:29   3:39   6:07 
Jason Spezza             1  1  2   3  2   4  0  0  0  0  12/21  17:41   3:44   0:00 
Jay Pandolfo             0  0  0   0  0   0  0  0  0  0  6/14   11:29   0:00   7:48 
Jim OBrien               0  0  0   0  0   0  0  0  0  0  2/3    15:48   0:59   3:53 
John Mitchell            0  0  0   0  0   1  0  0  0  0  0/1    11:29   0:00   7:48 
John Tavares             0  0  0   0  0   3  0  0  0  0  10/13  14:54   3:58   0:00 
Joni Pitkanen            1  0  1   1  0   2  0  1  0  0  0/0    18:10   3:22   0:05 
Kaspars Daugavins        0  0  0   0  0   0  0  1  0  0  1/2     7:34   0:00   3:53 
Matt Read                0  0  0   1  0   2  3  0  0  0  0/1    15:16   3:26   0:00 
Rob Klinkhammer          0  0  0   1  0   0  3  0  0  0  1/2    11:50   0:00   0:00 
Sidney Crosby            0  2  2   1  0   3  0  0  0  0  8/18   15:48   3:58   0:00 
Steve Staios             0  0  0   2  0   0  2  1  0  0  0/0    19:47   0:00   6:28 

3 Stars

1 - Daniel Sedin (OTT)
2 - Claude Giroux (OTT)
3 - Jason Spezza (OTT)

Power Play

Devils - 1 on 6 Attempt(s) - 16.67%
Senators - 1 on 5 Attempt(s) - 20.00%

Penalty Kill

Devils - 4 on 5 Attempt(s) - 80.00% - Score 0 goal in Penalty Kill
Senators - 5 on 6 Attempt(s) - 83.33% - Score 0 goal in Penalty Kill

Official

Referees : Marc Joannette and Francis Charron
Linesman : Steve Barton and Jay Sharrers

Game Notes

No Game Note

Finance

Level 1 -- Attendance: 6091 (93.71%) -- Ticket Income $609,100
Level 2 -- Attendance: 5000 (100.00%) -- Ticket Income $300,000
Level 3 -- Attendance: 3500 (100.00%) -- Ticket Income $122,500
Level 4 -- Attendance: 2581 (81.86%) -- Ticket Income $77,430
Luxury Box -- Attendance: 876 (87.60%) -- Ticket Income $219,000
Game was played at the Scotiabank Place
Total Attendance: 18048 (94.23%)
Total Ticket Income: $1,328,030
Other Income: $199,204
Total Income: $1,527,234


% Time on Ice - Devils

Lines # - Real PCT - Wanted PCT - Time Play
Normal Forward
1 - 32% - 35% - 13:02
2 - 27% - 30% - 11:04
3 - 24% - 20% - 9:37
4 - 17% - 15% - 6:42
Normal Defense
1 - 37% - 35% - 14:58
2 - 33% - 35% - 13:20
3 - 30% - 20% - 11:57
4 - 0% - 10% - 0:10
PP Forward
1 - 53% - 55% - 6:21
2 - 47% - 45% - 5:32
PP Defense
1 - 52% - 55% - 6:14
2 - 48% - 45% - 5:39
PK Forward
1 - 73% - 55% - 5:38
2 - 27% - 45% - 2:04
PK Defense
1 - 41% - 55% - 3:10
2 - 59% - 45% - 4:32
PK3 Forward
1 - 0% - 50%
2 - 0% - 50%
PK3 Defense
1 - 0% - 50%
2 - 0% - 50%
44 Forward
1 - 0% - 55%
2 - 0% - 45%
44 Defense
1 - 0% - 55%
2 - 0% - 45%
Last Minute Offensive  - 0:00
Last Minute Defensive  - 0:00
Total
Forward - 60:00
Defense - 60:00

% Time on Ice - Senators

Lines # - Real PCT - Wanted PCT - Time Play
Normal Forward
1 - 35% - 30% - 13:58
2 - 29% - 30% - 11:50
3 - 27% - 30% - 10:56
4 - 9% - 10% - 3:41
Normal Defense
1 - 33% - 35% - 13:19
2 - 36% - 35% - 14:43
3 - 23% - 20% - 9:07
4 - 8% - 10% - 3:16
PP Forward
1 - 48% - 60% - 3:44
2 - 52% - 40% - 3:58
PP Defense
1 - 56% - 60% - 4:20
2 - 44% - 40% - 3:22
PK Forward
1 - 67% - 60% - 8:00
2 - 33% - 40% - 3:53
PK Defense
1 - 53% - 60% - 6:21
2 - 47% - 40% - 5:32
PK3 Forward
1 - 0% - 60%
2 - 0% - 40%
PK3 Defense
1 - 0% - 60%
2 - 0% - 40%
44 Forward
1 - 0% - 60%
2 - 0% - 40%
44 Defense
1 - 0% - 60%
2 - 0% - 40%
Last Minute Offensive  - 0:00
Last Minute Defensive  - 0:00
Total
Forward - 60:00
Defense - 60:00

Play by Play

1st period


0:01 of 1st period - Jason Spezza wins face-off versus Saku Koivu in neutral zone.
0:11 of 1st period - Shot by Daniel Sedin.
0:11 of 1st period - Shot Blocked by Jordan Leopold.
0:21 of 1st period - Icing by Roman Hamrlik.
0:22 of 1st period - Saku Koivu wins face-off versus Sidney Crosby in Devils zone.
1:01 of 1st period - Off-side.
1:02 of 1st period - John Tavares wins face-off versus Tim Connolly in neutral zone.
1:20 of 1st period - Off-side.
1:21 of 1st period - Marcel Goc wins face-off versus Jay Pandolfo in neutral zone.
1:49 of 1st period - Kaspars Daugavins is hit by Vladimir Sobotka and loses puck.
2:07 of 1st period - Icing by Adrian Aucoin.
2:08 of 1st period - Matt DAgostini wins face-off versus Kaspars Daugavins in Senators zone.
3:25 of 1st period - Icing by Brad Stuart.
3:26 of 1st period - Mark Letestu wins face-off versus Jason Spezza in Devils zone.
3:52 of 1st period - Roman Hamrlik is hit by Claude Giroux and loses puck.
3:56 of 1st period - Icing by Jordan Leopold.
3:57 of 1st period - Tim Connolly wins face-off versus Sidney Crosby in Devils zone.
3:57 of 1st period - Tim Connolly is hit by Matt Read.
4:03 of 1st period - Shot by Jordan Leopold.
4:03 of 1st period - Stopped by Craig Anderson without a rebound.
4:04 of 1st period - Sidney Crosby wins face-off versus Tim Connolly in Senators zone.
4:35 of 1st period - Shot by Sidney Crosby.
4:35 of 1st period - Stopped by Steve Mason without a rebound.
4:36 of 1st period - Saku Koivu wins face-off versus Daniel Sedin in Devils zone.
4:40 of 1st period - Minor Penalty to Dion Phaneuf for Hooking.
4:41 of 1st period - Jay Pandolfo wins face-off versus Saku Koivu in Senators zone.
6:35 of 1st period - Adrian Aucoin is hit by Saku Koivu and loses puck.
7:13 of 1st period - Icing by Dion Phaneuf.
7:14 of 1st period - Saku Koivu wins face-off versus Jason Spezza in Senators zone.
7:26 of 1st period - Claude Giroux is hit by Roman Hamrlik and loses puck.
7:29 of 1st period - Shot by Claude Giroux.
7:29 of 1st period - Shot Misses the Net.
7:39 of 1st period - Shot by John Tavares.
7:39 of 1st period - Shot Misses the Net.
7:47 of 1st period - Shot by John Tavares.
7:47 of 1st period - Stopped by Steve Mason without a rebound.
7:48 of 1st period - Sidney Crosby wins face-off versus Tim Connolly in Devils zone.
8:46 of 1st period - Shot by Guillaume Latendresse.
8:46 of 1st period - Stopped by Steve Mason without a rebound.
8:47 of 1st period - Jason Spezza wins face-off versus Saku Koivu in Devils zone.
8:54 of 1st period - Shot by Claude Giroux.
8:54 of 1st period - Stopped by Steve Mason with a rebound.
9:30 of 1st period - Shot by Artem Anisimov.
9:30 of 1st period - Shot Misses the Net.
9:48 of 1st period - Shot by Patrick Eaves.
9:48 of 1st period - Shot Misses the Net.
9:50 of 1st period - Shot by Vladimir Sobotka.
9:50 of 1st period - Stopped by Craig Anderson without a rebound.
9:51 of 1st period - John Tavares wins face-off versus Mark Letestu in Senators zone.
9:57 of 1st period - Jordan Leopold is hit by Guillaume Latendresse and loses puck.
10:07 of 1st period - Shot by Matthew Lombardi.
10:07 of 1st period - Stopped by Craig Anderson without a rebound.
10:08 of 1st period - Sidney Crosby wins face-off versus Marcel Goc in Senators zone.
10:17 of 1st period - Shot by Sidney Crosby.
10:17 of 1st period - Shot Misses the Net.
10:31 of 1st period - Shot by Sidney Crosby.
10:31 of 1st period - Shot Misses the Net.
10:33 of 1st period - Shot by Adrian Aucoin.
10:33 of 1st period - Stopped by Steve Mason without a rebound.
10:34 of 1st period - John Tavares wins face-off versus Saku Koivu in Devils zone.
10:49 of 1st period - Shot by John Tavares.
10:49 of 1st period - Stopped by Steve Mason without a rebound.
10:50 of 1st period - Jason Spezza wins face-off versus James van Riemsdyk in Devils zone.
10:51 of 1st period - Shot by Claude Giroux.
10:51 of 1st period - Shot Blocked by Brad Stuart.
10:53 of 1st period - Shot by Claude Giroux.
10:53 of 1st period - Stopped by Steve Mason with a rebound.
10:55 of 1st period - Shot by Daniel Sedin.
10:55 of 1st period - Shot Misses the Net.
11:30 of 1st period - Shot by Jason Spezza.
11:30 of 1st period - Deflect By Daniel Sedin.
11:30 of 1st period - Goal by Daniel Sedin - Devils : 0 - Senators : 1.
11:31 of 1st period - John Tavares wins face-off versus R.J. Umberger in neutral zone.
11:34 of 1st period - Shot by Joni Pitkanen.
11:34 of 1st period - Shot Misses the Net.
11:54 of 1st period - Shot by Saku Koivu.
11:54 of 1st period - Shot Misses the Net.
12:03 of 1st period - Shot by Saku Koivu.
12:03 of 1st period - Shot Misses the Net.
12:05 of 1st period - Shot by Jordan Leopold.
12:05 of 1st period - Shot Misses the Net.
13:15 of 1st period - Tim Connolly is hit by Anton Stralman and loses puck.
13:39 of 1st period - Icing by Lubomir Visnovsky.
13:40 of 1st period - Jason Spezza wins face-off versus Josh Bailey in Devils zone.
14:14 of 1st period - Minor Penalty to Adrian Aucoin for Roughing.
14:15 of 1st period - Artem Anisimov wins face-off versus John Mitchell in Senators zone.
14:24 of 1st period - Shot by Lubomir Visnovsky.
14:24 of 1st period - Shot Blocked by Dion Phaneuf.
14:55 of 1st period - Icing by Artem Anisimov.
14:56 of 1st period - Jay Pandolfo wins face-off versus Saku Koivu in Devils zone.
15:32 of 1st period - Shot by Brad Stuart.
15:32 of 1st period - Stopped by Craig Anderson without a rebound.
15:33 of 1st period - Tim Connolly wins face-off versus Jay Pandolfo in Senators zone.
16:44 of 1st period - Shot by Sidney Crosby.
16:44 of 1st period - Stopped by Steve Mason with a rebound.
17:14 of 1st period - Marcel Goc is hit by Jared Cowen and loses puck.
17:29 of 1st period - Shot by Jason Spezza.
17:29 of 1st period - Shot Misses the Net.
17:50 of 1st period - Minor Penalty to Nikita Nikitin for Cross-checking.
17:51 of 1st period - Sidney Crosby wins face-off versus Matthew Lombardi in Devils zone.
18:12 of 1st period - Shot by Claude Giroux.
18:12 of 1st period - Stopped by Steve Mason without a rebound.
18:13 of 1st period - Matthew Lombardi wins face-off versus Jason Spezza in Devils zone.
18:28 of 1st period - Shot by Daniel Sedin.
18:28 of 1st period - Shot Misses the Net.
18:33 of 1st period - Off-side.
18:34 of 1st period - Sidney Crosby wins face-off versus Matthew Lombardi in neutral zone.
19:29 of 1st period - Shot by Dion Phaneuf.
19:29 of 1st period - Stopped by Steve Mason without a rebound.
19:30 of 1st period - Saku Koivu wins face-off versus Jason Spezza in Devils zone.
19:43 of 1st period - Niklas Hjalmarsson is hit by Matt Read and loses puck.

2nd period


0:01 of 2nd period - John Tavares wins face-off versus Saku Koivu in neutral zone.
0:15 of 2nd period - Minor Penalty to Roman Hamrlik for Hooking.
0:16 of 2nd period - Jason Spezza wins face-off versus Marcel Goc in Devils zone.
1:31 of 2nd period - Icing by Claude Giroux.
1:32 of 2nd period - Sidney Crosby wins face-off versus Marcel Goc in Senators zone.
2:15 of 2nd period - Shot by Daniel Sedin.
2:15 of 2nd period - Stopped by Steve Mason without a rebound.
2:16 of 2nd period - Mark Letestu wins face-off versus Jay Pandolfo in Devils zone.
2:37 of 2nd period - Shot by John Mitchell.
2:37 of 2nd period - Stopped by Steve Mason without a rebound.
2:38 of 2nd period - John Tavares wins face-off versus Saku Koivu in Devils zone.
3:05 of 2nd period - Shot by Joni Pitkanen.
3:05 of 2nd period - Stopped by Steve Mason without a rebound.
3:06 of 2nd period - Rob Klinkhammer wins face-off versus Tim Connolly in Devils zone.
3:19 of 2nd period - Icing by Adrian Aucoin.
3:20 of 2nd period - Mark Letestu wins face-off versus Sidney Crosby in Senators zone.
3:20 of 2nd period - Jordan Leopold is hit by Steve Staios and loses puck.
3:40 of 2nd period - Icing by Rob Klinkhammer.
3:41 of 2nd period - Saku Koivu wins face-off versus Sidney Crosby in Senators zone.
3:47 of 2nd period - Icing by Steve Staios.
3:48 of 2nd period - Saku Koivu wins face-off versus Matt Read in Senators zone.
5:20 of 2nd period - Joni Pitkanen is hit by Brad Stuart and loses puck.
6:29 of 2nd period - Dion Phaneuf is hit by Lubomir Visnovsky and loses puck.
7:08 of 2nd period - Shot by Matt Read.
7:08 of 2nd period - Stopped by Steve Mason with a rebound.
7:44 of 2nd period - Icing by Roman Hamrlik.
7:45 of 2nd period - John Tavares wins face-off versus Saku Koivu in Devils zone.
8:46 of 2nd period - Shot by Daniel Sedin.
8:46 of 2nd period - Goal by Daniel Sedin - Devils : 0 - Senators : 2.
8:47 of 2nd period - Marcel Goc wins face-off versus Sidney Crosby in neutral zone.
8:49 of 2nd period - Patrick Eaves is hit by Steve Staios and loses puck.
8:57 of 2nd period - Steve Staios is hit by Roman Hamrlik and loses puck.
9:12 of 2nd period - Shot by Matt Read.
9:12 of 2nd period - Stopped by Steve Mason without a rebound.
9:13 of 2nd period - Saku Koivu wins face-off versus Jason Spezza in Devils zone.
9:51 of 2nd period - Icing by Nikita Nikitin.
9:52 of 2nd period - Saku Koivu wins face-off versus Sidney Crosby in Devils zone.
10:19 of 2nd period - Shot by Sidney Crosby.
10:19 of 2nd period - Stopped by Steve Mason without a rebound.
10:20 of 2nd period - Marcel Goc wins face-off versus John Tavares in Devils zone.
11:10 of 2nd period - Minor Penalty to Claude Giroux for Slashing.
11:11 of 2nd period - Jay Pandolfo wins face-off versus Tim Connolly in Senators zone.
11:42 of 2nd period - Shot by Nikita Nikitin.
11:42 of 2nd period - Shot Blocked by Adrian Aucoin.
11:44 of 2nd period - Shot by Lubomir Visnovsky.
11:44 of 2nd period - Shot Misses the Net.
12:59 of 2nd period - Steve Staios is hit by Mark Letestu.
13:26 of 2nd period - Icing by Nikita Nikitin.
13:27 of 2nd period - Marcel Goc wins face-off versus Sidney Crosby in Devils zone.
13:27 of 2nd period - Marcel Goc is hit by Rob Klinkhammer.
13:32 of 2nd period - Niklas Hjalmarsson is hit by Rob Klinkhammer and loses puck.
13:41 of 2nd period - Shot by Marcel Goc.
13:41 of 2nd period - Shot Misses the Net.
14:32 of 2nd period - Minor Penalty to Jason Spezza for Roughing.
14:33 of 2nd period - Jay Pandolfo wins face-off versus Saku Koivu in Senators zone.
14:45 of 2nd period - Saku Koivu is hit by Adrian Aucoin and loses puck.
14:54 of 2nd period - Shot by Saku Koivu.
14:54 of 2nd period - Stopped by Craig Anderson without a rebound.
14:55 of 2nd period - Tim Connolly wins face-off versus Jim OBrien in Senators zone.
14:56 of 2nd period - Shot by Nikita Nikitin.
14:56 of 2nd period - Deflect By James van Riemsdyk.
14:56 of 2nd period - Shot Blocked by Kaspars Daugavins.
14:58 of 2nd period - Shot by Tim Connolly.
14:58 of 2nd period - Shot Misses the Net.
15:00 of 2nd period - Shot by James van Riemsdyk.
15:00 of 2nd period - Deflect By Tim Connolly.
15:00 of 2nd period - Stopped by Craig Anderson without a rebound.
15:01 of 2nd period - Tim Connolly wins face-off versus Jay Pandolfo in Senators zone.
16:10 of 2nd period - Shot by Lubomir Visnovsky.
16:10 of 2nd period - Stopped by Craig Anderson without a rebound.
16:11 of 2nd period - Jim OBrien wins face-off versus Saku Koivu in Senators zone.
16:45 of 2nd period - Shot by Marcel Goc.
16:45 of 2nd period - Deflect By Vladimir Sobotka.
16:45 of 2nd period - Stopped by Craig Anderson with a rebound.
16:53 of 2nd period - Shot by Roman Hamrlik.
16:53 of 2nd period - Shot Blocked by Dion Phaneuf.
16:55 of 2nd period - Shot by Patrick Eaves.
16:55 of 2nd period - Deflect By Marcel Goc.
16:55 of 2nd period - Shot Blocked by Anton Stralman.
17:18 of 2nd period - Icing by Anton Stralman.
17:19 of 2nd period - Sidney Crosby wins face-off versus Tim Connolly in Senators zone.
17:19 of 2nd period - Sidney Crosby is hit by Tim Connolly.
17:22 of 2nd period - Matt Read is hit by James van Riemsdyk and loses puck.
17:23 of 2nd period - Double Minor Penalty to Tim Connolly for Slashing.
17:24 of 2nd period - Jason Spezza wins face-off versus Marcel Goc in Devils zone.
18:11 of 2nd period - Shot by Dion Phaneuf.
18:11 of 2nd period - Stopped by Steve Mason without a rebound.
18:12 of 2nd period - Marcel Goc wins face-off versus Sidney Crosby in Devils zone.
18:23 of 2nd period - Shot by Sidney Crosby.
18:23 of 2nd period - Shot Blocked by Jordan Leopold.
18:27 of 2nd period - Shot by Claude Giroux.
18:27 of 2nd period - Goal by Claude Giroux - Devils : 0 - Senators : 3.
18:28 of 2nd period - Marcel Goc wins face-off versus Jason Spezza in neutral zone.
18:52 of 2nd period - Jason Spezza is hit by Brad Stuart.
19:06 of 2nd period - Matthew Lombardi is hit by Claude Giroux and loses puck.
19:55 of 2nd period - Shot by Daniel Sedin.
19:55 of 2nd period - Shot Misses the Net.
19:57 of 2nd period - Shot by Jared Cowen.
19:57 of 2nd period - Shot Misses the Net.
19:59 of 2nd period - Shot by Daniel Sedin.
19:59 of 2nd period - Shot Misses the Net.

3rd period


0:01 of 3rd period - Marcel Goc wins face-off versus Jason Spezza in neutral zone.
0:06 of 3rd period - Icing by Jared Cowen.
0:07 of 3rd period - Marcel Goc wins face-off versus Jason Spezza in Senators zone.
0:11 of 3rd period - Icing by Jared Cowen.
0:12 of 3rd period - Jason Spezza wins face-off versus Marcel Goc in Senators zone.
0:23 of 3rd period - Shot by Jared Cowen.
0:23 of 3rd period - Stopped by Steve Mason without a rebound.
0:24 of 3rd period - Marcel Goc wins face-off versus Sidney Crosby in Devils zone.
0:24 of 3rd period - Marcel Goc is hit by Claude Giroux.
0:49 of 3rd period - Shot by Saku Koivu.
0:49 of 3rd period - Stopped by Craig Anderson without a rebound.
0:50 of 3rd period - John Tavares wins face-off versus Tim Connolly in Senators zone.
3:29 of 3rd period - Shot by Jordan Leopold.
3:29 of 3rd period - Stopped by Craig Anderson without a rebound.
3:30 of 3rd period - Kaspars Daugavins wins face-off versus Tim Connolly in Senators zone.
3:30 of 3rd period - Kaspars Daugavins is hit by Josh Bailey.
3:53 of 3rd period - Shot by Josh Bailey.
3:53 of 3rd period - Deflect By James van Riemsdyk.
3:53 of 3rd period - Shot Blocked by Anton Stralman.
4:54 of 3rd period - Matt Read is hit by Artem Anisimov and loses puck.
5:42 of 3rd period - Shot by Matt DAgostini.
5:42 of 3rd period - Shot Misses the Net.
5:46 of 3rd period - Shot by Mark Letestu.
5:46 of 3rd period - Deflect By Matt DAgostini.
5:46 of 3rd period - Shot Misses the Net.
5:48 of 3rd period - Shot by Nikita Nikitin.
5:48 of 3rd period - Shot Misses the Net.
6:42 of 3rd period - Minor Penalty to Guillaume Latendresse for Hooking.
6:43 of 3rd period - Saku Koivu wins face-off versus Jay Pandolfo in Senators zone.
6:46 of 3rd period - Shot by Lubomir Visnovsky.
6:46 of 3rd period - Shot Misses the Net.
6:48 of 3rd period - Shot by Lubomir Visnovsky.
6:48 of 3rd period - Stopped by Craig Anderson without a rebound.
6:49 of 3rd period - Saku Koivu wins face-off versus Jay Pandolfo in Senators zone.
7:46 of 3rd period - Shot by James van Riemsdyk.
7:46 of 3rd period - Stopped by Craig Anderson without a rebound.
7:47 of 3rd period - Jim OBrien wins face-off versus Tim Connolly in Senators zone.
7:47 of 3rd period - Jim OBrien is hit by James van Riemsdyk.
7:59 of 3rd period - Shot by Brad Stuart.
7:59 of 3rd period - Stopped by Craig Anderson without a rebound.
8:00 of 3rd period - Tim Connolly wins face-off versus Jay Pandolfo in Senators zone.
8:13 of 3rd period - Adrian Aucoin is hit by James van Riemsdyk and loses puck.
8:58 of 3rd period - Shot by Daniel Sedin.
8:58 of 3rd period - Deflect By Jason Spezza.
8:58 of 3rd period - Stopped by Steve Mason without a rebound.
8:59 of 3rd period - Saku Koivu wins face-off versus Sidney Crosby in Devils zone.
8:59 of 3rd period - Saku Koivu is hit by Matt Read.
10:02 of 3rd period - Shot by John Tavares.
10:02 of 3rd period - Stopped by Steve Mason without a rebound.
10:03 of 3rd period - Jason Spezza wins face-off versus Tim Connolly in Devils zone.
10:19 of 3rd period - Shot by Jason Spezza.
10:19 of 3rd period - Goal by Jason Spezza - Devils : 0 - Senators : 4.
10:20 of 3rd period - John Tavares wins face-off versus Mark Letestu in neutral zone.
10:46 of 3rd period - Shot by Matthew Lombardi.
10:46 of 3rd period - Stopped by Craig Anderson without a rebound.
10:47 of 3rd period - Jason Spezza wins face-off versus Tim Connolly in Senators zone.
10:47 of 3rd period - Jason Spezza is hit by Tim Connolly.
10:56 of 3rd period - Dion Phaneuf is hit by Brad Stuart.
11:13 of 3rd period - Minor Penalty to Claude Giroux for High sticking.
11:14 of 3rd period - Jay Pandolfo wins face-off versus Saku Koivu in Senators zone.
11:14 of 3rd period - Jay Pandolfo is hit by R.J. Umberger.
11:42 of 3rd period - Shot by Artem Anisimov.
11:42 of 3rd period - Stopped by Craig Anderson without a rebound.
11:43 of 3rd period - Jay Pandolfo wins face-off versus Tim Connolly in Senators zone.
11:52 of 3rd period - John Mitchell is hit by Mark Letestu and loses puck.
12:05 of 3rd period - Shot by Jordan Leopold.
12:05 of 3rd period - Shot Misses the Net.
12:07 of 3rd period - Shot by James van Riemsdyk.
12:07 of 3rd period - Stopped by Craig Anderson with a rebound.
12:25 of 3rd period - Shot by Jordan Leopold.
12:25 of 3rd period - Shot Blocked by Steve Staios.
13:11 of 3rd period - Shot by Nikita Nikitin.
13:11 of 3rd period - Goal by Nikita Nikitin - Devils : 1 - Senators : 4.
13:12 of 3rd period - Jason Spezza wins face-off versus Marcel Goc in neutral zone.
13:19 of 3rd period - Shot by Jason Spezza.
13:19 of 3rd period - Stopped by Steve Mason without a rebound.
13:20 of 3rd period - Sidney Crosby wins face-off versus Marcel Goc in Devils zone.
13:30 of 3rd period - Vladimir Sobotka is hit by Rob Klinkhammer and loses puck.
13:42 of 3rd period - Marcel Goc is hit by Jared Cowen and loses puck.
13:55 of 3rd period - Joni Pitkanen is hit by Vladimir Sobotka and loses puck.
14:10 of 3rd period - Shot by James van Riemsdyk.
14:10 of 3rd period - Shot Blocked by Joni Pitkanen.
14:12 of 3rd period - Shot by Niklas Hjalmarsson.
14:12 of 3rd period - Shot Blocked by Jared Cowen.
14:14 of 3rd period - Shot by Niklas Hjalmarsson.
14:14 of 3rd period - Stopped by Craig Anderson without a rebound.
14:15 of 3rd period - Saku Koivu wins face-off versus John Tavares in Senators zone.
14:36 of 3rd period - Saku Koivu is hit by Adrian Aucoin and loses puck.
14:46 of 3rd period - Icing by Adrian Aucoin.
14:47 of 3rd period - Tim Connolly wins face-off versus John Tavares in Senators zone.
15:48 of 3rd period - Shot by R.J. Umberger.
15:48 of 3rd period - Deflect By Saku Koivu.
15:48 of 3rd period - Stopped by Craig Anderson with a rebound.
16:11 of 3rd period - Shot by Claude Giroux.
16:11 of 3rd period - Stopped by Steve Mason with a rebound.
16:17 of 3rd period - Shot by R.J. Umberger.
16:17 of 3rd period - Deflect By Saku Koivu.
16:17 of 3rd period - Shot Misses the Net.
16:19 of 3rd period - Shot by Jordan Leopold.
16:19 of 3rd period - Stopped by Craig Anderson without a rebound.
16:20 of 3rd period - Mark Letestu wins face-off versus Rob Klinkhammer in Senators zone.
16:36 of 3rd period - Shot by Sidney Crosby.
16:36 of 3rd period - Shot Blocked by Brad Stuart.
16:38 of 3rd period - Shot by Joni Pitkanen.
16:38 of 3rd period - Goal by Joni Pitkanen - Devils : 1 - Senators : 5.
16:39 of 3rd period - Marcel Goc wins face-off versus Jay Pandolfo in neutral zone.
16:41 of 3rd period - Off-side.
16:42 of 3rd period - Jason Spezza wins face-off versus Tim Connolly in neutral zone.
16:47 of 3rd period - Shot by Jason Spezza.
16:47 of 3rd period - Stopped by Steve Mason without a rebound.
16:48 of 3rd period - Saku Koivu wins face-off versus Jason Spezza in Devils zone.
17:39 of 3rd period - Icing by Jared Cowen.
17:40 of 3rd period - Jason Spezza wins face-off versus Tim Connolly in Senators zone.
17:40 of 3rd period - Jason Spezza is hit by Josh Bailey.
18:11 of 3rd period - Shot by James van Riemsdyk.
18:11 of 3rd period - Stopped by Craig Anderson with a rebound.
19:18 of 3rd period - Minor Penalty to Artem Anisimov for Roughing.
19:19 of 3rd period - John Tavares wins face-off versus Marcel Goc in Devils zone.
19:48 of 3rd period - Shot by Sidney Crosby.
19:48 of 3rd period - Deflect By John Tavares.
19:48 of 3rd period - Shot Misses the Net.


Output by the SimonT Hockey Simulator (STHS) for Stephane Roy -- Original Page W3C XHTML 1.0 Valid
Hockey Simulator - Hockey Simulation - Hockey Manager